Map: Lerilak Crest

Players

LilDicky - Winner!

  • Race: Terran Terran
  • League: Diamond

Kai

  • Race: Terran Terran
  • League: Diamond

VOD

http://www.twitch.tv/tumescentpie

Description

Time

  • Played on: Dec. 12, 2015, 3:24 p.m.
  • Length: 10:48
Show
View Real Time Build Order
Export as new Build Order

LilDicky Terran - Winner!

Build Orders: 1/1/1, Liberator Opening, Mech 

Get SALT Encoding   

  12  0:02  SCV  
  13  0:14  SCV  
  14  0:21  Supply Depot  
  14  0:26  SCV  
  15  0:33  Refinery  
  15  0:43  SCV  
  15  0:46  Barracks  
  16  0:55  SCV  
  17  1:07  SCV  
  18  1:19  SCV  
  18  1:25  Refinery  
  20  1:35  Marine  
  20  1:36  Supply Depot  
  20  1:37  Orbital Command  
  20  1:44  Factory  
  20  1:53  Marine  
  21  2:05  SCV  
  22  2:11  Marine  
  23  2:17  SCV  
  24  2:27  Starport  
  24  2:29  Marine  
  27  2:34  Supply Depot  
  27  2:42  SCV  
  28  2:46  Factory Tech Lab  
  28  2:48  Marine  
  26  2:54  SCV  
  27  2:59  Supply Depot  
  27  3:06  SCV  
  27  3:07  Siege Tank  
  27  3:11  Medivac  
  33  3:18  SCV, Marine  
  35  3:23  Supply Depot  
  35  3:24  Liberator  
  35  3:33  SCV  
  36  3:38  Marine  
  37  3:45  SCV  
  41  3:54  Siege Tank  
  44  3:56  Marine  
  44  3:57  SCV  
  46  4:09  SCV  
  47  4:22  Marine  
  47  4:42  Siege Tank  
  47  4:43  Viking  
  52  4:46  Command Center  
  52  4:47  SCV  
  53  4:59  SCV  
  54  5:16  Marine  
  52  5:26  Viking  
  54  5:34  Marine  
  52  5:50  SCV  
  52  5:52  Marine  
  45  6:12  Orbital Command  
  45  6:18  Factory  
  45  6:19  SCV, Marine  
  45  6:20  Factory x2  
  45  6:21  Viking  
  49  6:31  SCV  
  50  6:37  Marine  
  51  6:42  Refinery x2  
  49  6:55  Marine  
  47  7:11  Viking  
  47  7:13  Siege Tank, Marine  
  47  7:14  Factory Tech Lab x3  
  53  7:19  Starport  
  53  7:21  Starport  
  47  7:31  Marine  
  47  7:36  Command Center  
  48  7:41  Viking  
  48  7:43  SCV  
  51  7:45  Siege Tank  
  51  7:53  Marine  
  48  7:58  Siege Tank x2  
  48  8:02  Starport Tech Lab x2  
  53  8:06  SCV  
  53  8:09  SCV  
  55  8:16  Marine  
  55  8:18  SCV  
  57  8:21  SCV  
  57  8:23  Siege Tank  
  61  8:27  Cloaking Field  
  61  8:33  Hellion  
  63  8:37  SCV  
  63  8:39  Banshee  
  63  8:41  Starport Reactor  
  67  8:48  Hellion x2  
  71  8:51  SCV  
  72  8:56  Orbital Command  
  72  8:59  SCV  
  73  9:05  Engineering Bay  
  73  9:08  Hellion  
  73  9:09  Siege Tank  
  78  9:11  Viking  
  80  9:25  Hellion x2  
  84  9:34  Siege Tank  
  78  9:41  Banshee  
  78  9:42  Viking x2  
  78  9:44  Banshee  
  85  10:23  SCV  
  85  10:42  Supply Depot  
Show
View Real Time Build Order
Export as new Build Order

Kai Terran 

Build Orders: Liberator Opening, Reaper Expand 

Get SALT Encoding   

  12  0:01  SCV  
  13  0:13  SCV  
  14  0:18  Supply Depot  
  14  0:25  SCV  
  15  0:40  SCV  
  15  0:41  Barracks  
  16  0:47  Refinery  
  16  0:52  SCV  
  18  1:04  SCV  
  18  1:16  SCV  
  19  1:30  Orbital Command  
  19  1:31  Reaper  
  20  1:44  Command Center  
  20  1:51  Supply Depot  
  20  1:55  SCV  
  21  2:08  SCV  
  21  2:10  Marine  
  23  2:15  Factory  
  23  2:17  Refinery  
  23  2:21  SCV  
  24  2:33  SCV  
  24  2:36  Barracks Reactor  
  25  2:45  SCV  
  25  2:50  Engineering Bay  
  26  2:57  SCV  
  27  2:59  Orbital Command  
  27  3:09  SCV, Starport  
  28  3:19  Marine x2  
  29  3:20  Missile Turret  
  29  3:21  SCV  
  29  3:22  Factory Tech Lab  
  29  3:25  Orbital Command  
  31  3:33  SCV  
  32  3:35  Liberator  
  32  3:37  Supply Depot  
  32  3:38  Marine x2  
  34  3:45  SCV  
  38  3:56  Missile Turret  
  38  3:57  SCV  
  38  4:00  SCV  
  40  4:02  Marine  
  40  4:03  Marine  
  40  4:09  SCV  
  42  4:17  Orbital Command  
  38  4:26  Siege Tank  
  38  4:30  SCV  
  41  4:32  Marine x2  
  43  4:41  Viking  
  43  4:42  SCV  
  46  4:50  Supply Depot  
  46  4:51  SCV  
  46  4:52  Marine x2  
  48  4:54  SCV  
  44  5:10  SCV  
  45  5:15  Marine x2  
  45  5:16  Siege Tank  
  49  5:27  SCV  
  49  5:34  Marine  
  50  5:35  Viking  
  50  5:37  SCV  
  50  5:40  Marine  
  50  5:42  Supply Depot  
  54  5:49  Siege Tank  
  52  5:58  SCV  
  52  5:59  SCV  
  52  6:04  Marine x2  
  54  6:05  Viking  
  54  6:06  Command Center  
  53  6:21  Marine  
  53  6:22  Marine  
  53  6:25  SCV x2  
  57  6:28  Siege Tank  
  60  6:33  Barracks  
  60  6:34  Barracks  
  60  6:40  SCV  
  60  6:41  Marine  
  60  6:42  Marine  
  54  6:58  Viking  
  54  6:59  Marine x2  
  54  7:00  SCV, Siege Tank  
  55  7:13  SCV, Orbital Command  
  57  7:17  Marine  
  57  7:19  Marine  
  57  7:21  Orbital Command  
  58  7:31  Barracks Tech Lab  
  58  7:32  Barracks Tech Lab  
  58  7:34  Supply Depot  
  58  7:35  Terran Infantry Weapons Level 1  
  58  7:36  Supply Depot  
  55  7:49  Siege Tank, Marine x2  
  60  7:56  SCV  
  60  7:58  Marine  
  62  8:07  SCV  
  62  8:10  Starport Reactor  
  64  8:13  Combat Shields, Stimpack  
  64  8:17  Marine x4  
  64  8:18  SCV  
  68  8:23  Supply Depot  
  68  8:29  SCV, Siege Tank  
  72  8:35  SCV, Marine  
  72  8:38  Supply Depot, Marine x3, Orbital Command  
  77  8:50  SCV  
  77  8:51  SCV  
  77  8:52  Medivac  
  77  8:53  Marine  
  82  8:57  Marine x3  
  82  9:02  Supply Depot  
  85  9:03  SCV x2  
  85  9:04  Refinery  
  87  9:10  Siege Tank, Marine  
  87  9:14  Missile Turret  
  91  9:20  SCV  
  91  9:24  SCV  
  92  9:29  Marine x4  
  95  9:36  Barracks  
  93  9:44  Siege Tank  
  81  9:47  Marine x3  
  81  9:48  SCV  
  81  9:49  SCV x2  
  87  9:53  Marine  
  87  9:54  Medivac  
  87  10:04  Marine  
  87  10:06  Marine x2  
  90  10:11  SCV x3, Marine  
  90  10:13  Missile Turret  
  82  10:22  Marine  
  71  10:28  Marine  
  71  10:29  Marine  
Tags
 
Add a new tag
Caveats
  • Supply blocks, unpowered buildings, or Contaminate may cause inaccurate times.
  • Supply counts are checked every 10 seconds.